Map: Ruins of Seras

Players

capac - Winner!

  • Race: Terran Terran
  • League: Gold

A.I. 1 (Elite)

  • Race: Zerg Zerg

VOD

Have the link to the VOD?

Description

Time

  • Played on: March 6, 2016, 2:20 p.m.
  • Length: 11:43
Show
View Real Time Build Order
Export as new Build Order

capac Terran - Winner!

Build Orders: Bio Tank 

Get SALT Encoding   

  12  0:01  SCV  
  13  0:13  SCV  
  14  0:19  Supply Depot  
  14  0:25  SCV  
  15  0:41  SCV  
  15  0:42  Barracks  
  16  0:46  Refinery  
  16  0:53  SCV  
  17  1:05  SCV  
  18  1:17  SCV  
  19  1:29  Barracks Reactor, SCV  
  20  1:37  Command Center  
  20  1:41  SCV  
  21  1:53  Orbital Command  
  21  2:06  Supply Depot, Marine  
  21  2:07  Marine  
  23  2:20  Barracks  
  23  2:28  Marine x2  
  25  2:35  Factory  
  25  2:45  Marine x2, SCV  
  28  2:58  Orbital Command  
  28  3:02  Bunker  
  28  3:09  Refinery  
  28  3:11  Barracks Tech Lab  
  28  3:19  Factory Tech Lab  
  28  3:24  Barracks  
  28  3:26  SCV x2  
  30  3:38  SCV x2  
  30  3:41  Stimpack  
  32  3:45  Siege Tank  
  35  3:53  SCV x2  
  37  4:00  Marine x3  
  34  4:17  Marine  
  33  4:40  Siege Tank  
  33  4:41  Orbital Command  
  33  4:44  Barracks Reactor  
  33  4:45  Marine x3  
  38  4:49  Starport  
  38  4:50  Supply Depot  
  39  5:10  SCV  
  39  5:11  SCV  
  44  5:14  Siege Tank  
  44  5:22  Supply Depot  
  44  5:31  SCV x2  
  44  5:33  Marine  
  44  5:34  Marine x3  
  44  5:35  Marine  
  51  5:39  Starport Reactor  
  51  5:47  Supply Depot  
  51  5:50  Barracks  
  51  5:53  Marine x4  
  51  5:54  Marine  
  51  5:55  SCV  
  51  5:56  SCV  
  58  6:04  Siege Tank  
  58  6:10  Supply Depot  
  58  6:11  Marine x5  
  63  6:15  SCV x2  
  68  6:22  Medivac  
  70  6:32  SCV x2, Medivac  
  74  6:33  Supply Depot  
  74  6:37  Marine x2  
  74  6:38  Supply Depot  
  74  6:39  Barracks Reactor  
  76  6:44  SCV x2  
  76  6:47  Refinery  
  78  6:48  Refinery  
  78  6:55  Combat Shields  
  78  6:56  Marine x2  
  78  6:57  Marine x2  
  82  7:03  Medivac  
  84  7:11  Marine  
  84  7:13  Siege Tank  
  84  7:14  Marine x2  
  84  7:15  Marine x2  
  92  7:17  Supply Depot  
  92  7:36  Medivac  
  94  7:39  Marine x6  
  94  7:40  Marine  
  101  7:57  Marine  
  101  7:58  Command Center  
  102  8:00  Supply Depot  
  102  8:01  Supply Depot  
  102  8:05  Marine  
  84  8:37  Marine, Medivac x2  
  84  8:38  Marine x6  
  94  8:55  Marine x2  
  94  8:56  Marine x3  
  93  9:12  Marine x2, Siege Tank  
  93  9:13  Marine x2  
  93  9:14  Medivac x2  
  104  9:22  Marine x2, SCV x2  
  104  9:23  Marine  
  109  9:30  Marine x2  
  111  9:36  Marine x2  
  113  9:40  Marine x3  
  113  9:43  SCV x2  
  113  9:44  Siege Tank, Orbital Command  
  121  9:48  Marine x2  
  123  9:52  Supply Depot  
  123  9:53  Marine x2  
  123  9:58  Marine x2  
  127  10:00  Medivac x2  
  126  10:40  Medivac x2  
  126  10:41  Marine x2  
  126  10:42  Marine x3  
  133  10:43  Siege Tank  
  133  10:47  Supply Depot  
  134  10:52  Starport  
  131  11:09  Marine x2  
  131  11:10  Marine x5, Medivac  
Show
View Real Time Build Order
Export as new Build Order

A.I. 1 (Elite) Zerg 

Build Orders: Pool First 

Get SALT Encoding   

  12  0:00  Drone  
  13  0:12  Overlord  
  13  0:17  Drone  
  14  0:30  Drone  
  15  0:41  Spawning Pool, Drone  
  15  0:46  Drone  
  16  0:50  Drone  
  16  0:53  Extractor  
  16  0:56  Drone  
  17  1:06  Drone  
  18  1:17  Drone  
  19  1:28  Queen  
  19  1:29  Zergling x2  
  19  1:31  Roach Warren  
  21  1:39  Overlord  
  21  1:49  Drone  
  22  1:59  Overlord  
  22  2:12  Roach  
  24  2:21  Roach  
  26  2:29  Hatchery  
  25  2:32  Roach  
  25  2:35  Roach  
  29  2:39  Roach  
  29  2:43  Drone  
  32  2:49  Roach  
  34  2:57  Overlord  
  34  3:05  Roach  
  36  3:08  Roach  
  38  3:15  Roach  
  38  3:18  Roach  
  42  3:23  Roach  
  44  3:29  Roach  
  46  3:38  Overlord  
  46  3:41  Roach  
  50  3:48  Roach  
  50  3:54  Zergling x2  
  50  4:05  Lair  
  46  4:20  Zergling x2  
  46  4:22  Extractor  
  46  4:25  Drone  
  46  4:29  Extractor  
  46  4:30  Drone  
  39  4:33  Drone  
  39  4:36  Drone  
  35  4:45  Drone  
  34  4:50  Drone  
  34  4:51  Drone  
  36  4:56  Drone  
  37  5:00  Drone  
  37  5:03  Drone  
  37  5:04  Roach  
  37  5:06  Hydralisk Den  
  40  5:10  Roach  
  40  5:11  Drone  
  43  5:15  Drone  
  43  5:18  Drone  
  45  5:21  Drone  
  45  5:25  Drone  
  45  5:27  Drone  
  48  5:31  Drone  
  48  5:33  Drone  
  50  5:35  Hydralisk  
  50  5:39  Hydralisk  
  54  5:45  Overlord  
  54  5:46  Drone  
  54  5:49  Drone  
  56  5:51  Drone  
  56  5:53  Drone  
  58  5:57  Drone  
  58  6:03  Drone  
  60  6:08  Drone  
  61  6:13  Overlord  
  61  6:17  Infestation Pit, Roach, Drone  
  63  6:18  Drone  
  63  6:20  Drone  
  65  6:31  Roach, Drone  
  68  6:35  Overlord  
  68  6:40  Drone  
  68  6:46  Drone  
  70  6:48  Evolution Chamber, Drone  
  70  6:49  Roach, Drone  
  70  6:53  Drone  
  74  6:55  Hatchery  
  74  6:57  Infestor  
  75  7:01  Overlord  
  75  7:08  Drone  
  75  7:12  Drone  
  75  7:14  Zerg Missile Weapons Level 1  
  77  7:19  Roach  
  77  7:20  Ravager, Infestor  
  77  7:21  Zergling x2  
  77  7:22  Overlord  
  83  7:23  Evolution Chamber  
  83  7:24  Drone  
  83  7:27  Ravager  
  84  7:31  Roach  
  84  7:34  Roach  
  88  7:41  Hydralisk, Overseer  
  88  7:42  Extractor  
  89  7:44  Overlord  
  89  7:48  Zerg Ground Armor Level 1  
  89  7:52  Hydralisk  
  89  7:57  Zergling x6, Overseer, Metabolic Boost  
  94  8:00  Evolution Chamber  
  94  8:04  Drone  
  94  8:06  Drone  
  94  8:07  Drone  
  94  8:08  Drone  
  92  8:16  Drone  
  92  8:17  Roach  
  92  8:19  Extractor, Roach  
  74  8:21  Baneling Nest  
  74  8:24  Zergling x2, Roach, Drone  
  74  8:26  Zerg Melee Weapons Level 1  
  77  8:28  Zergling x2, Roach  
  77  8:30  Roach  
  81  8:38  Roach  
  81  8:39  Drone  
  82  8:41  Roach  
  79  8:49  Drone  
  79  8:54  Roach  
  70  8:57  Drone  
  70  9:00  Drone  
  67  9:03  Drone  
  67  9:05  Drone  
  67  9:07  Drone  
  67  9:09  Baneling  
  70  9:10  Drone  
  70  9:15  Drone  
  72  9:17  Baneling  
  72  9:21  Drone  
  72  9:26  Drone  
  72  9:28  Baneling, Roach, Drone x2  
  76  9:32  Zergling x2  
  76  9:38  Baneling x2, Drone  
  77  9:42  Drone  
  78  9:46  Baneling  
  78  9:49  Zergling x2, Baneling  
  78  9:51  Baneling  
  78  9:52  Baneling  
  78  9:53  Zergling x2  
  78  9:58  Centrifical Hooks  
  78  9:59  Ravager, Zergling x2, Roach, Drone  
  84  10:00  Zergling x2  
  84  10:03  Drone  
  85  10:10  Baneling x2  
  85  10:11  Drone  
  85  10:14  Hydralisk  
  76  10:20  Baneling  
  60  10:21  Zergling x2  
  60  10:25  Roach  
  56  10:31  Hydralisk, Drone, Roach  
  56  10:33  Infestor  
  61  10:36  Zergling x2  
  61  10:41  Baneling  
  60  10:44  Zergling x2  
  60  10:47  Baneling  
  49  10:57  Zergling x2  
  41  11:04  Hydralisk  
  41  11:05  Roach, Drone  
  28  11:23  Zergling x2  
  28  11:32  Hatchery  
Tags
 
Composition
Bio Tank
League
Gold
Matchup
TvZ
Opening
Pool First
Add a new tag
Caveats
  • Supply blocks, unpowered buildings, or Contaminate may cause inaccurate times.
  • Supply counts are checked every 10 seconds.